 Dungeon Crawl Stone Soup version 0.28-a0-1143-gcf6077d4cc (webtiles) character file.

Game seed: 14212941190427562142

119 dolemite99 the Chopper (level 4, -12/37 HPs)
             Began as a Minotaur Gladiator on Dec 14, 2021.
             Killed by divine providence
             ... invoked by an orc priest
              (14 damage)
             ... on level 3 of the Dungeon.
             The game lasted 00:03:48 (2912 turns).

dolemite99 the Chopper (Minotaur Gladiator)         Turns: 2912, Time: 00:03:49

Health: -12/37     AC:  8    Str: 19 (20) XL:     4   Next: 74%
Magic:  3/3        EV:  8    Int:  4 (5)  God:
Gold:   174        SH:  0    Dex: 11 (12) Spells: 3/3 levels left

rFire   . . .      SeeInvis .   a - +0 war axe
rCold   . . .      Faith    .   (no shield)
rNeg    . . .      Spirit   .   f - +0 chain mail
rPois   .          Reflect  .   c - +0 hat
rElec   .          Harm     .   (no cloak)
rCorr   .          Rampage  .   (no gloves)
Will    .....                   (no boots)
Stlth   ..........              (no amulet)
HPRegen 0.12/turn               (no ring)
MPRegen 0.08/turn               (no ring)

@: no status effects
A: horns 2, retaliatory headbutt
a: no special abilities


You were on level 3 of the Dungeon.
You visited 1 branch of the dungeon, and saw 3 of its levels.

You collected 174 gold pieces.

Inventory:

Hand Weapons
 a - a +0 war axe (weapon)
Missiles
 d - 3 throwing nets (quivered)
 g - 17 sling bullets
 n - 11 poisoned darts
Armour
 b - a +0 leather armour
 c - a +0 hat (worn)
 f - a +0 chain mail (worn)
Jewellery
 i - a ring of protection from fire
Scrolls
 j - a scroll of noise {unknown}
 k - a scroll of enchant armour {unknown}
 l - a scroll of holy word {unknown}
 m - 3 scrolls of teleportation {unknown}
 o - 2 scrolls of identify {unknown}
Potions
 e - a potion of attraction
 h - a potion of invisibility
 p - a potion of magic {unknown}
 q - a potion of flight {unknown}


   Skills:
 - Level 2.4 Fighting
 + Level 6.7 Axes
 - Level 2.0 Throwing
 - Level 3.2 Dodging


You had 3 spell levels left.
You didn't know any spells.
Your spell library contained the following spells:

 Spells                   Type           Power      Damage    Failure   Level
 Animate Skeleton         Necr           0%         N/A       100%        1
 Apportation              Tloc           0%         N/A       100%        1
 Sting                    Tmut/Pois      0%         1d3       100%        1
 Summon Small Mammal      Summ           0%         N/A       100%        1
 Poisonous Vapours        Pois/Air       0%         N/A       100%        2
 Gell's Gravitas          Tloc           0%         N/A       100%        3
 Inner Flame              Hex/Fire       0%         N/A       100%        3
 Lesser Beckoning         Tloc           0%         N/A       100%        3
 Ozocubu's Armour         Ice            0%         N/A       100%        3
 Teleport Other           Tloc           0%         N/A       100%        3
 Cause Fear               Hex            0%         N/A       100%        4
 Olgreb's Toxic Radiance  Pois           0%         N/A       100%        4
 Metabolic Englaciation   Hex/Ice        0%         N/A       100%        5
 Simulacrum               Ice/Necr       0%         N/A       100%        6
 Discord                  Hex            0%         N/A       100%        8


Dungeon Overview and Level Annotations

Branches:
Dungeon (3/15)

Altars:
Dithmenos


Innate Abilities, Weirdness & Mutations

You have a pair of horns on your head.
You reflexively headbutt those who attack you in melee.


Message History

A rat and an orc priest come into view.
The orc shouts!
The orc priest shouts!
You hit the rat but do no damage. The rat closely misses you.
You furiously retaliate!
You headbutt the rat.
Your chain mail prevents you from hitting the rat.
You headbutt the rat.
You kill the rat!
You hit the orc.
The orc is lightly wounded.
The orc closely misses you.
You barely miss the orc.
The orc is lightly wounded.
The orc hits you with a +0 hand axe.
You hit the orc but do no damage. You headbutt the orc!
You kill the orc!
You hit the orc.
The orc is heavily wounded.
The orc hits you with a +0 short sword.
You closely miss the orc.
The orc is heavily wounded.
The orc hits you with a +0 short sword.
You closely miss the orc. Your headbutt misses the orc.
The orc is heavily wounded.
The orc priest looks encouraged for a moment.
The orc hits you with a +0 short sword.
You hit the orc.
You kill the orc!
The orc priest looks satisfied for a moment.
The orc priest mumbles some strange prayers to Beogh against you.
Beogh smites you!
You hear a shout!
You hear a shout!
The orc priest mumbles some strange prayers to Beogh against you.
Beogh smites you!
* * * LOW HITPOINT WARNING * * *
Items here: $ )) ? [ ††.
You barely miss the orc priest.
The orc priest calls down the wrath of Beogh upon you.
Beogh smites you!
You die...

#.##..#......##.####
#.##..##....###.#
..##........###.# ## ...
#.###...........###.. o..
..# ###...######.... ....
### #...# #.#.....o. .#
#...# #.#.#r..
.######...######.#...
.##<..........##@#.#
................o..#
.##...........##........#
.######...########......#
.# #..># ###...# ## #...#
... #..<# ## ########.##
.......#.########


You could see an orc priest.

Vanquished Creatures
  An orc priest (D:3)
  2 adders
  2 dart slugs
  7 orcs
  9 ball pythons
  10 endoplasms
  A giant cockroach (D:1)
  2 hobgoblins (D:2)
  7 jackals
  3 kobolds
  A quokka (D:1)
  5 bats
  3 frilled lizards
  5 rats
58 creatures vanquished.

Notes
Turn   | Place    | Note
-------+----------+-------------------------------------------
     0 | D:1      | dolemite99 the Minotaur Gladiator began the quest for the
                  | Orb.
     0 | D:1      | Reached XP level 1. HP: 18/18 MP: 0/0
    82 | D:1      | Reached skill level 4 in Axes
   185 | D:1      | Reached XP level 2. HP: 22/25 MP: 1/1
   404 | D:1      | Reached skill level 5 in Axes
   657 | D:1      | Reached XP level 3. HP: 30/30 MP: 2/2
  1832 | D:2      | Found a shadowy altar of Dithmenos.
  2052 | D:3      | Reached skill level 6 in Axes
  2052 | D:3      | Reached XP level 4. HP: 30/37 MP: 3/3
  2912 | D:3      | Killed from afar by an orc priest

Illustrated notes

Levels and vault maps discovered:
D:1:      dpeg_arrival_three_bigger_balls, layout_basic,
          kennysheep_decorative_pillar
D:2:      layout_basic, basic_altar
D:3:      layout_loops_cross, minmay_misc_feat_square, minmay_misc_feat_alley,
          uniq_grinder

Skill      XL: |  1  2  3 |
---------------+----------+-----
Axes           | 4 5 6 |  6.7
Fighting       | |  2.4
Throwing       | |  2.0
Dodging        | |  3.2

Action                   |  1- 3 |  4- 6 || total
-------------------------+-------+-------++-------
Melee: War axe           |    82 |    36 ||   118
       Headbutt          |    14 |     3 ||    17
  Use: Potion            |     4 |       ||     4
Armor: Chain mail        |    58 |    17 ||    75
Dodge: Dodged            |    43 |    12 ||    55

Table legend: (Time is in decaauts)
 A = Elapsed time spent in this place.
 B = Non-inter-level travel time spent in this place.
 C = Inter-level travel time spent in this place.
 D = Time resting spent in this place.
 E = Time spent auto-exploring this place.
 F = Levels seen in this place.
 G = Mean time per level.
                   A        B        C        D        E       F      G
               +--------+--------+--------+--------+--------+-----+--------+
         Total |   2944 |   2901 |     43 |    610 |   1789 |   3 |  981.3 |
       Dungeon |   2944 |   2901 |     43 |    610 |   1789 |   3 |  981.3 |
               +--------+--------+--------+--------+--------+-----+--------+

Top non-repeatable levels by time:
     D:1: 1018 daAuts
     D:2: 981 daAuts
     D:3: 945 daAuts
